 Dungeon Crawl Stone Soup version 0.22.0-38-g04b72b8 (webtiles) character file.

608382 Nib the Hoplite (level 27, -10/171 HPs)
             Began as a Gargoyle Chaos Knight on Aug 25, 2018.
             Killed from afar by an orb of fire (17 damage)
             ... with a bolt of fire
             ... on level 5 of the Realm of Zot on Aug 26, 2018.
             The game lasted 02:49:02 (58063 turns).

Nib the Hoplite (Gargoyle Chaos Knight)            Turns: 58063, Time: 02:49:03

Health: -10/171    AC: 57    Str: 35    XL:     27
Magic:  30/34      EV: 20    Int: 17    God:    Xom [.....*]
Gold:   4007       SH: 39    Dex: 23    Spells: 26/34 levels left

rFire    + + +     SeeInvis +   b - +6 broad axe (freeze)
rCold    + + +     Gourm    .   E - +2 large shield
rNeg     + + .     Faith    .   l - +6 gold dragon scales
rPois    ∞         Spirit   .   (helmet unavailable)
rElec    +         Reflect  +   W - +2 cloak {MR+}
rCorr    +         Harm     .   x - +2 pair of gloves of the Slug {MR+}
MR       ++++.     Rnd*Rage +   u - +1 pair of boots {Fly}
Stlth    ..........             F - +4 amulet of reflection
HPRegen  0.38/turn              H - ring "Medwyith" {rC+ rN+ AC+4 Dex+7}
MPRegen  0.24/turn              Z - ring of Doubts {rF+ Int+5}

@: mighty, agile, resistant, flying
A: antennae 3, big wings, beak, talons 1, icy blue scales 1, large bone plates
1, agile 1, berserk 1, deformed body, deterioration 1, dopey 1, frail 1,
negative energy resistance 1, screaming 2, electricity resistance, strong 1,
wild magic 2, unbreathing, evolution 2, petrification resistance, rot immunity,
MP-powered wands, sturdy frame 1, AC +20
}: 3/15 runes: decaying, silver, gossamer
a: Stop Flying, Renounce Religion


You were on level 5 of the Realm of Zot.
You worshipped Xom.
You were Xom's teddy bear.
You were very full.

You visited 8 branches of the dungeon, and saw 46 of its levels.
You visited 1 bazaar.
You also visited: Labyrinth.

You collected 7221 gold pieces.
You spent 3214 gold pieces at shops.


Innate Abilities, Weirdness & Mutations

You are resistant to torment.
Your stone body is resilient. (AC +20)
You are immune to poison.
Your large and strong wings let you fly indefinitely.
You resist negative energy. (rN+)
You are resistant to electric shocks. (rElec)
You can survive without breathing.
You are immune to petrification.
You are immune to rotting.
You have a pair of large antennae on your head. (SInv)
You have a beak for a mouth.
You have sharp toenails.
You are partially covered in icy blue scales. (AC +2)
You are partially covered in large bone plates. (SH +4)
You are agile. (Dex +2)
You tend to lose your temper in combat.
Armour fits poorly on your strangely shaped body.
Your body sometimes deteriorates upon taking damage.
You are dopey. (Int -2)
You are frail. (-10% HP)
You sometimes yell uncontrollably at your foes.
Your muscles are strong. (Str +2)
Your spells are harder to cast, but more powerful.
You rapidly evolve.
You expend magic power (3 MP) to strengthen your wands.
Your movements are slightly less encumbered by armour. (ER -2)


   Skills:
 + Level 24.1 Fighting
 + Level 20.2 Axes
 - Level 16.0 Armour
 - Level 10.0 Dodging
 - Level 8.0 Stealth
 * Level 24.9 Shields
 - Level 4.0 Spellcasting
 - Level 6.0 Charms
 - Level 6.0 Necromancy
 - Level 4.0 Translocations
 - Level 15.0 Evocations


You had 26 spell levels left.
You knew the following spells:

 Your Spells              Type           Power        Failure   Level  Hunger
a - Song of Slaying       Chrm           #####...     28%         2    ##.....
b - Apportation           Tloc           ####..       38%         1    None
l - Blink                 Tloc           N/A          50%         2    ##.....
z - Regeneration          Chrm/Necr      #####.....   45%         3    ###....

Your spell library contained the following spells:

 Spells                   Type           Power        Failure   Level  Hunger
 Animate Skeleton         Necr           N/A          21%         1    None
 Infusion                 Chrm           ####         21%         1    None
 Pain                     Necr           ####         21%         1    None
 Corpse Rot               Necr           N/A          28%         2    ##.....
 Shroud of Golubria       Chrm/Tloc      ####......   38%         2    ##.....
 Vampiric Draining        Necr           #####.....   45%         3    ###....
 Swiftness                Chrm/Air       ###.....     61%         2    ##.....
 Gell's Gravitas          Tloc           ####......   71%         3    ###....
 Ozocubu's Armour         Chrm/Ice       ###.....     82%         3    ###....
 Spectral Weapon          Hex/Chrm       ###.....     82%         3    ###....
 Animate Dead             Necr           N/A          82%         4    ####...
 Confusing Touch          Hex            #.....       86%         1    None
 Corona                   Hex            #......      86%         1    None
 Flame Tongue             Conj/Fire      #....        86%         1    None
 Freeze                   Ice            #...         86%         1    None
 Magic Dart               Conj           #...         86%         1    None
 Sandblast                Erth           #.....       86%         1    None
 Sting                    Conj/Pois      #...         86%         1    None
 Summon Small Mammal      Summ           #...         86%         1    None
 Recall                   Summ/Tloc      N/A          91%         3    ###....
 Call Imp                 Summ           #.......     94%         2    ##.....
 Ensorcelled Hibernation  Hex/Ice        #.....       94%         2    ##.....
 Passwall                 Tmut/Erth      #.......     94%         2    ##.....
 Poisonous Vapours        Pois/Air       #.....       94%         2    ##.....
 Searing Ray              Conj           #.....       94%         2    ##.....
 Slow                     Hex            #.......     94%         2    ##.....
 Throw Flame              Conj/Fire      #.....       94%         2    ##.....
 Passage of Golubria      Tloc           N/A          97%         4    ####...
 Confuse                  Hex            #.......     99%         3    ###....
 Conjure Flame            Conj/Fire      #.......     99%         3    ###....
 Dazzling Spray           Conj/Hex       #.....       99%         3    ###....
 Inner Flame              Hex/Fire       #.......     99%         3    ###....
 Mephitic Cloud           Conj/Pois/Air  #.......     99%         3    ###....
 Stone Arrow              Conj/Erth      #.....       99%         3    ###....
 Tukima's Dance           Hex            #.......     99%         3    ###....
 Cause Fear               Hex            #.........   100%        4    ####...
 Force Lance              Conj/Tloc      ###.....     100%        4    ####...
 Fulminant Prism          Conj/Hex       #.........   100%        4    ####...
 Ice Form                 Ice/Tmut       #.......     100%        4    ####...
 Iskenderun's Mystic Bla  Conj           #.......     100%        4    ####...
 Leda's Liquefaction      Hex/Erth       #.........   100%        4    ####...
 Olgreb's Toxic Radiance  Pois           #.......     100%        4    ####...
 Petrify                  Tmut/Erth      #.......     100%        4    ####...
 Sticky Flame             Conj/Fire      #.......     100%        4    ####...
 Aura of Abjuration       Summ           #.........   100%        5    ######.
 Bolt of Magma            Conj/Fire/Erth #.........   100%        5    ######.
 Borgnjor's Vile Clutch   Necr/Erth      ###.......   100%        5    ######.
 Fireball                 Conj/Fire      #.........   100%        5    ######.
 Lee's Rapid Deconstruct  Erth           #.........   100%        5    ######.
 Metabolic Englaciation   Hex/Ice        #.........   100%        5    ######.
 Silence                  Hex/Air        #.........   100%        5    ######.
 Summon Demon             Summ           #.........   100%        5    ######.
 Summon Forest            Summ/Tloc      ###.......   100%        5    ######.
 Summon Mana Viper        Hex/Summ       #.......     100%        5    ######.
 Venom Bolt               Conj/Pois      #.........   100%        5    ######.
 Yara's Violent Unravell  Hex/Tmut       #.........   100%        5    ######.
 Bolt of Cold             Conj/Ice       #.........   100%        6    #######
 Darkness                 Hex            #.........   100%        6    #######
 Freezing Cloud           Conj/Ice/Air   #.........   100%        6    #######
 Hydra Form               Tmut           #.........   100%        6    #######
 Invisibility             Hex            #.......     100%        6    #######
 Iron Shot                Conj/Erth      #.........   100%        6    #######
 Ozocubu's Refrigeration  Ice            #.........   100%        6    #######
 Shadow Creatures         Summ           N/A          100%        6    #######
 Simulacrum               Ice/Necr       ###.......   100%        6    #######
 Dragon Form              Tmut           #.........   100%        7    #######
 Malign Gateway           Summ/Tloc      ###.......   100%        7    #######
 Monstrous Menagerie      Summ           #.........   100%        7    #######
 Ring of Flames           Chrm/Fire      ###.......   100%        7    #######
 Summon Greater Demon     Summ           #.........   100%        7    #######
 Summon Hydra             Summ           #.........   100%        7    #######
 Summon Horrible Things   Summ           #.........   100%        8    #######
 Shatter                  Erth           #.........   100%        9    #######
 Statue Form              Tmut/Erth      Unusable     N/A         6    N/A

Inventory:

Hand Weapons
 a - a +9 broad axe of flaming
 b - a +6 broad axe of freezing (weapon)
 p - a +1 vampiric trident
Missiles
 d - 17 javelins of penetration (quivered)
 X - 2 throwing nets
Armour
 l - +6 gold dragon scales (worn)
 u - a +1 pair of boots of flying (worn)
 x - the +2 pair of gloves of the Slug (worn) {MR+}
   (You acquired it on level 1 of the Spider Nest)

   It affects your resistance to hostile enchantments.
 E - a +2 large shield (worn)
 S - the +6 shadow dragon scales of Lantasoy {+Blink Str+4 Int+4 Stlth++++}
   (You found it on level 5 of the Depths)

   It affects your strength (+4).
   It affects your intelligence (+4).
   It lets you blink.
   It makes you much more stealthy.
 W - a +2 cloak of magic resistance (worn)
Jewellery
 s - an uncursed ring of protection from fire
 F - a +4 amulet of reflection (around neck)
 H - the ring "Medwyith" (left hand) {rC+ rN+ AC+4 Dex+7}
   (You found it on level 5 of the Depths)

   [ring of protection]

   It affects your AC (+4).
   It affects your dexterity (+7).
   It protects you from cold.
   It protects you from negative energy.
 N - the ring "Yteigol" {rCorr +Inv +Fly rElec Stlth-}
   (You found it on level 5 of the Depths)

   [ring of resist corrosion]

   It insulates you from electricity.
   It lets you turn invisible.
   It lets you fly.
   It makes you less stealthy.
 Z - the ring of Doubts (right hand) {rF+ Int+5}
   (You found it on level 6 of the Lair of Beasts)

   [ring of protection from fire]

   It affects your intelligence (+5).
   It protects you from fire.
Wands
 y - a wand of iceblast (37)
 I - a wand of acid (15)
 M - a wand of clouds (2)
 O - a wand of digging (40)
 Y - a wand of scattershot (3)
Scrolls
 c - 10 scrolls of teleportation
 h - 8 scrolls of fear
 j - 9 scrolls of identify
 o - 4 scrolls of immolation
 r - 8 scrolls of magic mapping
 z - 12 scrolls of remove curse
 A - 4 scrolls of blinking
 G - 3 scrolls of summoning
 P - 5 scrolls of fog
 Q - 3 scrolls of silence
 R - a scroll of enchant armour
 T - 3 scrolls of torment
Potions
 e - 10 potions of brilliance
 g - 5 potions of magic
 i - a potion of resistance
 t - 3 potions of ambrosia
 v - 5 potions of mutation
 w - 3 potions of might
 B - 6 potions of lignification
 D - 2 potions of agility
 K - a potion of heal wounds
 L - 2 potions of curing
 V - a potion of invisibility
Miscellaneous
 k - 3 phantom mirrors
 n - a fan of gales
 q - a lightning rod (4/4)
 C - a box of beasts
 J - a sack of spiders
 U - a lamp of fire
Comestibles
 f - 62 rations


Message History

Xom thinks this is hilarious!
The fireball engulfs the orb of fire.
The orb of fire completely resists.
The orb of fire glows deep purple.
The fireball explodes!
The fireball engulfs you! You resist.
The fireball engulfs the orb of fire.
The orb of fire completely resists.
The fireball engulfs the orb of fire.
The orb of fire completely resists.
You hear a shout!
You regained 4 hp, and now have 21/171 hp.
Okay, then.
Your blink will be uncontrolled - continue anyway?
The Orb prevents control of your translocation!
You blink.
As you read the scroll of blinking, it crumbles to dust.
The orb of fire emits a lurid red light.
The fireball explodes!
The fireball engulfs you! You resist.
You hear a distant "Zot"!
The orb of fire glows deep purple.
The bolt of fire hits you! You resist.
You die...
Xom thinks this is hilarious!

,,***,,,,,,,***,,,,,,,,,,,,,,,,,,
,,* ********* *,,,,{,,,,,,,,,,,,,
,** **,,,,,,,,,,,,,,,,, **
***,,{∆,,,,,,,,,,,
****,,,,,,,,,,,, *
#▓▓▓▓▓▓▓▓▓▓▓**,,, ***
###.***.......,,,,, ,.#*
##...§##.......,,,,,
,..###########..@###,..^....,,,,,
*...............##*,,.......,,,,,
*#(............## *,,.......,,,,,
#.............# *,,.......,,,,,
*#...........## *,,...*...,,,,,
#...........# *,,.......,,,,,
##......._...## *,,,,,,,,,,,,,,
#.............# **,,,,,,,,,,,,,
*#.............#* **,,,,,,,,,,,,


You could see 3 orbs of fire.

Vanquished Creatures
  2 orbs of fire
  Mara (Vaults:2)
  2 ancient liches
  A juggernaut (Depths:5)
  Sojobo (Depths:5)
  2 Killer Klowns
  A curse toe (Zot:3)
  7 golden dragons
  2 caustic shrikes (Depths:2)
  Jory (Vaults:2)
  A bone dragon (Depths:3)
  17 tentacled monstrosities
  5 liches
  7 Orb Guardians (Zot:5)
  The ghost of Forphokist the Slayer, an adept MiBe of Trog (Spider:3)
  6 titans
  10 quicksilver dragons
  A sphinx (shapeshifter) (Zot:1)
  14 death cobs
  4 sphinxes
  An acid blob (Zot:4)
  15 storm dragons
  A storm dragon (shapeshifter) (Vaults:5)
  5 draconian monks
  10 tengu reavers
  7 shadow dragons
  4 azure jellies
  5 draconian knights
  8 frost giants
  2 deep elf sorcerers
  9 draconian scorchers
  18 vault wardens
  2 balrugs
  12 fire giants
  7 ghost moths
  7 draconian shifters
  4 spriggan defenders (Depths:4)
  3 iron dragons
  10 ironheart preservers
  2 deep elf elementalists
  7 emperor scorpions (Spider:4)
  A caustic shrike skeleton (Depths:3)
  20 very ugly things
  4 draconian stormcallers
  10 draconian annihilators
  A war gargoyle (Vaults:5)
  9 entropy weavers
  18 stone giants
  A juggernaut skeleton (Depths:3)
  A green draconian (shapeshifter) (Zot:4)
  14 green draconians
  4 vampire knights
  4 deep elf annihilators
  4 deep elf demonologists
  12 purple draconians
  9 yellow draconians
  A red draconian (shapeshifter) (Zot:4)
  8 black draconians
  A minotaur (Lab)
  9 red draconians
  9 white draconians
  4 spark wasps
  A dire elephant (D:15)
  A blizzard demon (Zot:4)
  An eidolon (Depths:3)
  A crystal guardian (Zot:4)
  14 ettins
  3 deep elf death magi
  Snorg (Lair:6)
  Josephine (D:15)
  8 fire dragons
  An ettin (shapeshifter) (Spider:4)
  4 deep elf high priests
  Fannar (D:12)
  15 yaktaur captains
  12 ice dragons
  9 great orbs of eyes
  7 rakshasas
  5 spriggan air magi
  32 vault guards
  3 ghost crabs (Depths:3)
  38 hydras
  15 ogre magi
  2 dancing weapons (Vaults:5)
  11 centaur warriors
  3 death knights
  2 catoblepae
  14 alligators
  17 deep troll shamans
  34 two-headed ogres
  A queen ant (shapeshifter) (Zot:4)
  5 death yaks
  5 vampire magi
  11 deep troll earth magi
  5 orc high priests
  8 spriggan berserkers
  3 tengu warriors
  A soul eater (Depths:1)
  A titan skeleton (Vaults:5)
  4 iron trolls
  15 spriggans
  A shadow wraith (Vaults:5)
  A fire crab (shapeshifter) (Vaults:1)
  7 deep elf knights
  2 sun demons (Depths:2)
  2 salamander mystics (Depths:3)
  5 skeletal warriors
  11 hell knights
  A sixfirhy (Lair:6)
  3 unseen horrors
  A death drake (shapeshifter) (Depths:4)
  4 glowing orange brains
  6 shambling mangroves
  29 deep trolls
  A glowing orange brain (shapeshifter) (D:14)
  4 spriggan druids
  11 swamp dragons
  17 harpies
  4 deep elf archers
  4 flayed ghosts
  3 phantasmal warriors (Vaults:5)
  2 golden dragon skeletons (Depths:3)
  A tengu zombie (Depths:1)
  12 ironbrand convokers
  12 wizards
  22 orb spiders
  A wolf spider zombie (D:15)
  10 necromancers
  17 orc knights
  Pikel (D:4)
  A mana viper (shapeshifter) (Depths:5)
  2 stone giant zombies
  3 orc sorcerers
  3 oklob plants (Depths:3)
  8 cyclopes
  A fire giant zombie (Depths:3)
  33 wolf spiders
  42 ugly things
  A faun (shapeshifter) (Vaults:2)
  26 deep elf magi
  2 manticores
  A shining eye (Depths:3)
  17 moths of wrath
  An iron dragon skeleton (Depths:3)
  5 elephants
  6 salamanders (Depths:3)
  2 stone giant skeletons
  A salamander (shapeshifter) (Vaults:1)
  20 vault sentinels
  2 water nymphs (shapeshifter)
  Joseph (D:9)
  6 guardian serpents (Zot:4)
  A black mamba (Lair:5)
  A guardian serpent (shapeshifter) (Vaults:3)
  A centaur zombie (D:15)
  14 spiny frogs
  A naga mage (Depths:3)
  2 smoke demons
  2 ice statues (Depths:3)
  A black mamba (shapeshifter) (D:15)
  A storm dragon simulacrum (Depths:3)
  A torpor snail (Depths:3)
  4 gargoyles
  6 rime drakes
  2 centaur skeletons
  2 eyes of devastation (Depths:3)
  An orange demon (Lair:6)
  17 demonic crawlers
  7 komodo dragons
  A spriggan zombie (Depths:2)
  A yaktaur (shapeshifter) (Vaults:4)
  7 freezing wraiths
  5 hellwings (Depths:1)
  A yaktaur skeleton (Vaults:5)
  5 red devils
  2 tengu conjurers
  2 spriggan skeletons
  54 yaktaurs
  3 ice devils (Lair:6)
  2 harpy zombies (Zot:4)
  An anaconda simulacrum (Depths:3)
  The ghost of Oddysee the Skirmisher, an amateur DrBe of Trog (D:4)
  A jumping spider (shapeshifter) (Depths:1)
  A polar bear (Lair:6)
  2 queen bees
  38 jumping spiders
  A hornet (shapeshifter) (D:14)
  A meliai (shapeshifter) (Vaults:4)
  A shadow dragon simulacrum (Depths:2)
  5 tyrant leeches
  28 hornets
  4 trolls
  A tengu simulacrum (Depths:3)
  2 sphinx simulacra (Depths:3)
  14 hippogriffs
  2 raiju (shapeshifter)
  20 slime creatures
  A snapping turtle (D:15)
  7 bog bodies
  A raiju (Zot:4)
  7 blink frogs (Lair:6)
  2 human simulacra
  92 redbacks
  A shadow (D:14)
  A deep troll skeleton (Depths:1)
  A spriggan (shapeshifter) (Vaults:4)
  11 wraiths
  19 tarantellas
  A yak (shapeshifter) (Vaults:3)
  3 wyverns
  4 hungry ghosts
  Eustachio (D:4)
  47 yaks
  3 basilisks
  2 golden eyes (Depths:3)
  13 water elementals
  2 small abominations (Depths:3)
  Grum (D:9)
  A spatial vortex (Depths:5)
  5 vampire mosquitoes
  Menkaure (D:6)
  A soldier ant (D:12)
  15 swamp worms
  2 acid dragons
  4 wargs
  5 insubstantial wisps (Swamp:4)
  A soldier ant (shapeshifter) (Vaults:4)
  7 hell hounds
  6 floating eyes
  16 water moccasins
  11 porcupines
  2 fire dragon simulacra (Depths:3)
  A floating eye (shapeshifter) (Vaults:5)
  48 orc warriors
  A swamp drake (shapeshifter) (Depths:3)
  2 hornet zombies
  A spriggan simulacrum (Depths:1)
  14 swamp drakes
  A slave (D:4)
  An ice beast (D:5)
  4 sky beasts
  2 black bears
  An ice beast (shapeshifter) (D:4)
  31 ogres
  A black mamba simulacrum (Depths:3)
  A phantom (D:8)
  An eye of draining (D:11)
  13 wolves
  9 boggarts
  25 centaurs
  2 big kobolds
  12 crocodiles
  21 bullfrogs
  A bullfrog (shapeshifter) (Vaults:1)
  2 earth elementals (Depths:3)
  A deep troll simulacrum (Vaults:1)
  A gnoll sergeant (D:6)
  3 scorpions
  An elephant simulacrum (Depths:3)
  13 killer bees
  12 wights
  3 electric eels
  9 howler monkeys
  13 crimson imps
  2 yaktaur simulacra (Vaults:1)
  2 hounds
  5 jellies
  4 quasits
  A gnoll shaman (D:5)
  29 orc priests
  8 orc wizards
  2 bullfrog skeletons
  Ijyb (D:4)
  4 iguanas
  8 worker ants
  2 troll simulacra (Depths:3)
  A killer bee zombie (D:7)
  5 gnolls
  16 adders
  A naga simulacrum (Depths:3)
  A river rat (D:10)
  3 shadow imps
  3 white imps (Vaults:1)
  7 oozes
  An adder skeleton (D:6)
  6 worms
  3 dart slugs (D:1)
  2 leopard geckos
  103 orcs
  2 ball pythons
  2 giant cockroaches
  A goblin (shapeshifter) (D:1)
  5 goblins
  7 hobgoblins
  7 jackals (D:2)
  7 quokkas
  6 bats
  6 frilled lizards
  A jackal skeleton (D:6)
  14 kobolds
  A leopard gecko zombie (D:7)
  14 rats
  3 plants
2177 creatures vanquished.

Vanquished Creatures (collateral kills)
  A sphinx (Vaults:5)
  A draconian shifter (Zot:2)
  A draconian stormcaller (Zot:2)
  2 draconian annihilators (Zot:2)
  A stone giant (Vaults:5)
  An entropy weaver (Spider:3)
  A red draconian (Zot:2)
  A purple draconian (Zot:2)
  A merfolk impaler (Depths:2)
  A centaur warrior (Depths:2)
  A wizard (Depths:2)
  An unseen horror (D:10)
  An ironbrand convoker (Vaults:5)
  3 orb spiders
  A wolf spider (Spider:3)
  A moth of wrath (Zot:5)
  2 elephants (Lair:5)
  A spiny frog (Swamp:2)
  2 demonic crawlers (Spider:3)
  4 jumping spiders (Spider:3)
  A tyrant leech (Swamp:4)
  A bog body (Swamp:4)
  A tarantella (Spider:3)
  2 yaks (Lair:5)
  A swamp drake (Swamp:4)
  A crocodile (Lair:6)
  A bullfrog (D:5)
  An orc priest (D:4)
  Jessica (D:2)
  Natasha (D:2)
  An orc wizard (D:4)
  3 gnolls (D:5)
  An adder (D:5)
  2 orcs (D:4)
  2 jackals (D:2)
  A kobold (D:10)
  A fungus (Lair:6)
50 creatures vanquished.

Vanquished Creatures (others)
  Margery (Vaults:3)
  A tentacled monstrosity (Vaults:5)
  A frost giant (Vaults:4)
  2 stone giants
  3 yaktaur captains
  A centaur warrior (Depths:2)
  A hydra (Swamp:4)
  3 dancing weapons
  A vampire mage (Depths:3)
  An unseen horror (D:15)
  A harpy (Vaults:2)
  A wolf spider (Spider:4)
  13 yaktaurs
  A jumping spider (Spider:3)
  A tyrant leech (Swamp:4)
  A hornet (Spider:1)
  2 slime creatures
  6 redbacks
  A tarantella (Spider:4)
  A vampire mosquito (Swamp:4)
  A spatial vortex (Depths:3)
  An orc warrior (Vaults:5)
  4 centaurs
  A hound (D:4)
  An orc wizard (Vaults:5)
  3 orcs
  A fire vortex (Depths:3)
  2 fungi (Lair:6)
  A plant (Lair:6)
58 creatures vanquished.

Grand Total: 2285 creatures vanquished

Notes
Turn   | Place    | Note
-------+----------+-------------------------------------------
     0 | D:1      | Nib the Gargoyle Chaos Knight began the quest for the Orb.
     0 | D:1      | Reached XP level 1. HP: 14/14 MP: 1/1
    63 | D:1      | XOM: harmless Conj miscast
    97 | D:1      | Reached XP level 2. HP: 17/19 MP: 2/2
   119 | D:1      | Reached skill level 1 in Stealth
   123 | D:1      | XOM: smoke on damage
   316 | D:1      | HP: 4/19 [ooze (2)]
   323 | D:1      | HP: 4/19 [ooze (1)]
   324 | D:1      | Reached skill level 3 in Axes
   324 | D:1      | Reached XP level 3. HP: 5/23 MP: 3/3
   384 | D:1      | XOM: 5-stop teleportation journey
   409 | D:1      | XOM: 1-stop teleportation journey
   949 | D:1      | XOM: divination: magic mapping
  1284 | D:2      | Reached skill level 3 in Armour
  1350 | D:2      | XOM: give mutations
  1350 | D:2      | Gained mutation: You are agile. (Dex +2) [Xom's grace]
  1350 | D:2      | Gained mutation: You have a pair of small horns on your head. [Xom's grace]
  1503 | D:2      | Found a shimmering altar of Xom.
  1503 | D:2      | Found a stormy altar of Qazlal.
  1503 | D:2      | Found a deep blue altar of Sif Muna.
  1538 | D:2      | Reached XP level 4. HP: 24/29 MP: 4/4
  1605 | D:2      | Noticed Natasha
  1607 | D:2      | XOM: summons 2 friendly demons
  1609 | D:2      | Killed Natasha
  1610 | D:2      | Noticed Jessica
  1614 | D:2      | Killed Jessica
  1972 | D:3      | Reached XP level 5. HP: 30/33 MP: 5/5
  2159 | D:3      | XOM: god gift: 440 gold pieces
  2393 | D:4      | Reached XP level 6. HP: 39/39 MP: 6/6
  2478 | D:4      | XOM: summons 2 friendly demons
  2588 | D:4      | XOM: 1-stop teleportation journey
  2692 | D:4      | Noticed Ijyb
  2704 | D:4      | Killed Ijyb
  2719 | D:4      | Noticed Eustachio
  2727 | D:4      | XOM: divination: detect creatures
  2732 | D:4      | Lost mutation: You have a pair of small horns on your head. [potion of mutation]
  2732 | D:4      | Lost mutation: You are agile. (Dex +2) [potion of mutation]
  2732 | D:4      | Gained mutation: You evolve. [potion of mutation]
  2732 | D:4      | Gained mutation: Armour fits poorly on your strangely shaped body. [potion of mutation]
  2732 | D:4      | Gained mutation: Your flesh is heat resistant. (rF+) [potion of mutation]
  2886 | D:3      | XOM: scenery: create altars
  2987 | D:4      | Reached XP level 7. HP: 27/44 MP: 7/7
  3031 | D:4      | XOM: noise
  3108 | D:4      | Noticed Oddysee's ghost (amateur DrBe)
  3122 | D:4      | XOM: potion effect (heal wounds)
  3129 | D:4      | Killed Eustachio
  3260 | D:4      | Found a transporter.
  3290 | D:4      | Found a transporter.
  3372 | D:4      | XOM: 1-stop teleportation journey
  3384 | D:4      | Noticed Pikel
  3384 | D:4      | XOM: cast spell 'Cause Fear'
  3385 | D:4      | XOM: confuse monster(s)
  3402 | D:4      | HP: 10/45 [slave[Pikel] (6)]
  3415 | D:4      | XOM: harmless Tmut miscast
  3424 | D:4      | XOM: potion effect (haste)
  3431 | D:4      | Killed Pikel
  3431 | D:4      | Reached skill level 6 in Fighting
  3431 | D:4      | Reached skill level 6 in Armour
  3431 | D:4      | Reached XP level 8. HP: 16/52 MP: 8/8
  3435 | D:4      | XOM: divination: detect items
  3492 | D:4      | XOM: noise
  3608 | D:4      | XOM: god gift: hand crossbow {god gift}
  3966 | D:4      | XOM: fog
  3969 | D:4      | Killed Oddysee's ghost
  3969 | D:4      | Reached skill level 6 in Axes
  4062 | D:4      | XOM: give mutation
  4062 | D:4      | Gained mutation: You are partially covered in iridescent scales. (AC +2) [Xom's mischief]
  4089 | D:5      | Entered Level 5 of the Dungeon
  4098 | D:5      | XOM: summons friendly white imp
  4100 | D:5      | Reached skill level 1 in Shields
  4260 | D:5      | Noticed a troll
  4265 | D:5      | XOM: smoke on damage
  4284 | D:5      | Lost mutation: Your flesh is heat resistant. (rF+) [evolution]
  4306 | D:5      | XOM: scenery: create altars
  4321 | D:4      | XOM: god gift: glowing trident {god gift}
  4349 | D:4      | a troll changed into a human
  4349 | D:4      | XOM: polymorph troll -> human
  4602 | D:5      | Reached skill level 3 in Shields
  4785 | D:5      | Reached XP level 9. HP: 58/58 MP: 9/9
  5439 | D:6      | Found a white marble altar of Elyvilon.
  5486 | D:6      | Noticed Menkaure
  5491 | D:6      | Killed Menkaure
  5491 | D:6      | Reached skill level 1 in Evocations
  5613 | D:6      | XOM: fake destruction
  5696 | D:6      | XOM: give mutations
  5696 | D:6      | Gained mutation: You have a pair of small antennae on your head. [Xom's grace]
  5696 | D:6      | Gained mutation: You are partially covered in yellow scales. (AC +2) [Xom's grace]
  5696 | D:6      | Gained mutation: You expend magic power (3 MP) to strengthen your wands. [Xom's grace]
  5742 | D:6      | XOM: summons friendly quasit
  5810 | D:6      | XOM: polymorph orc -> frilled lizard
  6019 | D:6      | XOM: give mutations
  6019 | D:6      | Gained mutation: You have a pair of antennae on your head. [Xom's grace]
  6019 | D:6      | Gained mutation: You have supernaturally acute eyesight. (SInv) [Xom's grace]
  6019 | D:6      | Gained mutation: You rapidly evolve. [Xom's grace]
  6204 | D:7      | Found a snail-covered altar of Cheibriados.
  6358 | D:7      | XOM: 1-stop teleportation journey
  6414 | D:7      | XOM: torment (21/60 hp)
  6577 | D:6      | XOM: give mutations
  6577 | D:6      | Gained mutation: You are dopey. (Int -2) [Xom's mischief]
  6577 | D:6      | Lost mutation: Armour fits poorly on your strangely shaped body. [Xom's mischief]
  6577 | D:6      | Gained mutation: Your movements are slightly less encumbered by armour. (ER -2) [Xom's mischief]
  6605 | D:6      | XOM: mild Erth miscast
  6608 | D:7      | XOM: chaos upgrade
  6612 | D:7      | Reached skill level 3 in Evocations
  6676 | D:7      | Found a staircase to the Ecumenical Temple.
  6799 | D:7      | XOM: give mutations
  6799 | D:7      | Lost mutation: You have supernaturally acute eyesight. (SInv) [Xom's mischief]
  6799 | D:7      | Lost mutation: You rapidly evolve. [Xom's mischief]
  6799 | D:7      | Lost mutation: You are dopey. (Int -2) [Xom's mischief]
  6895 | D:8      | XOM: butterfly on damage
  6972 | D:8      | Reached XP level 10. HP: 59/65 MP: 12/12
  6974 | D:8      | Reached skill level 9 in Fighting
  7018 | D:8      | Found Neneluto's Gadget Shoppe.
  7056 | D:8      | Bought a wand of acid (10) for 448 gold pieces
  7130 | D:8      | XOM: give mutations
  7130 | D:8      | Lost mutation: You expend magic power (3 MP) to strengthen your wands. [Xom's mischief]
  7130 | D:8      | Lost mutation: Your movements are slightly less encumbered by armour. (ER -2) [Xom's mischief]
  7191 | D:8      | XOM: harmless Erth miscast
  7250 | D:8      | XOM: enchant monster (good)
  7481 | D:8      | Got a bloodstained scale mail
  7504 | D:8      | Identified the +6 scale mail "Fianus" {rF+ rC+ Str+4} (You found it on level 8 of the Dungeon)
  7536 | D:9      | XOM: cast spell 'Leda's Liquefaction'
  7549 | D:9      | XOM: polymorph yak -> komodo dragon
  7762 | D:9      | Found a hide-covered altar of Uskayaw.
  7792 | D:9      | XOM: medium Summ miscast
  7799 | D:9      | XOM: medium Hex miscast
  7799 | D:9      | XOM: smoke on damage
  7819 | D:8      | XOM: mild Necr miscast
  7819 | D:8      | HP: 13/66 [something (10)]
  8148 | D:9      | Found Uzacw's Book Emporium.
  8376 | D:9      | XOM: 5-stop teleportation journey
  8422 | D:9      | XOM: blink monster(s)
  8454 | D:9      | Noticed Joseph
  8457 | D:9      | XOM: draining
  8489 | D:9      | Killed Joseph
  8501 | D:9      | XOM: summons 5 hostile demons
  8538 | D:9      | XOM: stat loss: -1 Dex (6/9)
  8564 | D:9      | Gained mutation: You have a pair of large antennae on your head. (SInv) [evolution]
  8674 | D:9      | XOM: 5-stop teleportation journey
  8686 | D:9      | Noticed Grum
  8690 | D:9      | XOM: mild Tmut miscast
  8706 | D:9      | Killed Grum
  8984 | D:10     | Entered Level 10 of the Dungeon
  9007 | D:10     | Reached XP level 11. HP: 72/73 MP: 15/15
  9077 | D:10     | Noticed a death yak
  9079 | D:10     | Noticed a death yak
  9080 | D:10     | Noticed a death yak
  9083 | D:10     | Noticed a two-headed ogre
  9085 | D:10     | Killed a death yak
  9085 | D:10     | Reached skill level 9 in Axes
  9108 | D:9      | Reached skill level 6 in Evocations
  9119 | D:10     | Found a staircase to the Lair.
  9132 | D:10     | XOM: silly message
  9133 | D:10     | Noticed a two-headed ogre
  9137 | D:10     | XOM: confuse monster(s)
  9138 | D:10     | XOM: divination: detect items
  9142 | D:10     | Killed a two-headed ogre
  9142 | D:10     | XOM: harmless Chrm miscast
  9148 | D:10     | XOM: enchant monster (good)
  9176 | D:10     | Noticed a green ugly thing
  9201 | D:10     | XOM: blink monster(s)
  9203 | D:10     | XOM: scenery: 2 doors open
  9204 | D:10     | Killed a green ugly thing
  9283 | D:10     | XOM is BORED!
  9283 | D:10     | XOM: give mutations
  9283 | D:10     | Lost mutation: You have a pair of large antennae on your head. (SInv) [Xom's mischief]
  9283 | D:10     | Gained mutation: Your body sometimes deteriorates upon taking damage. [Xom's mischief]
  9283 | D:10     | Gained mutation: Scrolls take you a little longer to read. [Xom's mischief]
  9331 | D:10     | Killed a death yak
  9332 | D:10     | Killed a death yak
  9412 | D:10     | XOM: harmless Ice miscast
  9523 | D:10     | Gained mutation: You are partially covered in icy blue scales. (AC +2) [evolution]
  9526 | D:10     | XOM: enchant monster (bad)
  9577 | D:10     | XOM: harmless Erth miscast
  9589 | D:10     | XOM: cast spell 'Call Canine Familiar'
  9619 | D:10     | XOM: silly message
  9625 | D:10     | Killed a two-headed ogre
  9637 | D:10     | XOM: mild Erth miscast
  9749 | D:10     | XOM: summons 8 friendly demons
  9780 | D:10     | Killed an unseen horror
  9952 | D:11     | Noticed a cyclops
  9960 | D:11     | Killed a cyclops
 10146 | D:11     | XOM: enchant monster (good)
 10153 | D:11     | Reached XP level 12. HP: 69/81 MP: 13/17
 10158 | D:11     | XOM: scenery: create altars
 10205 | D:11     | XOM: give mutation
 10205 | D:11     | Gained mutation: You have large cloven feet. [Xom's grace]
 10243 | D:11     | XOM: cast spell 'Chain of Chaos'
 10256 | D:11     | Reached skill level 12 in Fighting
 10333 | D:11     | Found a runed gate.
 10333 | D:11     | Found a runed gate.
 10333 | D:11     | Found a runed gate.
 10333 | D:11     | Noticed murphy's ghost (journeyman VSFE)
 10495 | D:11     | XOM: destruction
 10594 | D:11     | Found a glowing golden altar of the Shining One.
 10798 | D:12     | Noticed a four-headed hydra
 10806 | D:12     | Noticed Fannar
 10813 | D:12     | XOM: cleaving
 10814 | D:12     | Killed a four-headed hydra
 10814 | D:12     | Reached skill level 1 in Dodging
 10843 | D:12     | XOM: cleaving
 10847 | D:12     | Killed Fannar
 11109 | D:12     | Found a staircase to the Orcish Mines.
 11214 | D:12     | XOM: summons 7 friendly demons
 11377 | D:12     | XOM: scenery: create altars
 11386 | D:12     | Noticed a sun demon
 11514 | D:10     | XOM: cloud trail
 11592 | Lair:1   | Entered Level 1 of the Lair of Beasts
 11723 | Lair:1   | Reached skill level 3 in Dodging
 11863 | Lair:1   | Gained mutation: Your spells are a little harder to cast, but a little more powerful. [evolution]
 11925 | Lair:1   | XOM: fog
 12118 | Lair:1   | XOM: potion effect (haste)
 12231 | Lair:1   | XOM: harmless Tloc miscast
 12483 | Lair:1   | XOM: scenery: create altars
 12750 | Lair:2   | Reached skill level 6 in Shields
 12788 | Lair:2   | XOM: swap monsters
 12802 | Lair:2   | Reached XP level 13. HP: 71/87 MP: 19/19
 12959 | Lair:2   | XOM: potion effect (brilliance)
 13411 | Lair:3   | XOM: noise
 13414 | Lair:3   | XOM: mild Hex miscast
 13461 | Lair:3   | XOM: confuse monster(s)
 13464 | Lair:3   | Found a staircase to the Swamp.
 13658 | Lair:3   | XOM: harmless Air miscast
 13673 | Lair:3   | XOM: harmless Erth miscast
 13735 | Lair:3   | XOM: fake destruction
 14318 | Lair:4   | XOM: 1-stop teleportation journey
 14336 | Lair:4   | XOM: give mutations
 14336 | Lair:4   | Gained mutation: You possess an exceptional clarity of mind. [Xom's grace]
 14336 | Lair:4   | Gained mutation: You have a pair of large antennae on your head. (SInv) [Xom's grace]
 14336 | Lair:4   | Gained mutation: Your muscles are strong. (Str +2) [Xom's grace]
 14336 | Lair:4   | Gained mutation: Your mind is acute. (Int +2) [Xom's grace]
 14357 | Lair:4   | Noticed a great orb of eyes
 14357 | Lair:4   | a seven-headed hydra changed into a great orb of eyes
 14357 | Lair:4   | XOM: polymorph seven-headed hydra -> great orb of eyes
 14373 | Lair:4   | XOM: fog
 14384 | Lair:4   | Killed a great orb of eyes
 14388 | Lair:4   | Found a labyrinth entrance.
 14406 | Lair:4   | Identified a scroll of acquirement
 14410 | Lair:4   | Got a pair of fine gloves
 14421 | Lair:4   | Identified the -5 pair of gloves "Uvef" {rF+ Regen+ MP+9 Slay+3} (You acquired it on level 4 of the Lair of Beasts)
 14434 | Lab      | Entered a labyrinth
 14594 | Lab      | Noticed a minotaur
 14596 | Lab      | XOM: cast spell 'Chain of Chaos'
 14599 | Lab      | Killed a minotaur
 14638 | Lair:4   | Found a hole to the Spider Nest.
 14698 | Lair:4   | XOM: snakes to sticks
 14763 | Lair:4   | XOM: polymorph spiny frog -> queen bee
 14844 | Lair:4   | XOM: confuse monster(s)
 15025 | Lair:4   | XOM: scenery: create altars
 15225 | Lair:4   | Reached skill level 9 in Shields
 15419 | Lair:4   | XOM: give mutation
 15419 | Lair:4   | Gained mutation: Your skin changes colour to match your surroundings (Stealth+). [Xom's grace]
 15573 | Lair:5   | XOM: smoke on damage
 15772 | Lair:5   | Gained mutation: You have a beak for a mouth. [evolution]
 15787 | Lair:5   | XOM: destruction
 16305 | Lair:5   | XOM: give mutation
 16305 | Lair:5   | Lost mutation: Scrolls take you a little longer to read. [Xom's mischief]
 16369 | Lair:5   | XOM: cast spell 'Summon Dragon'
 16371 | Lair:5   | Gained mutation: Your large and strong wings let you fly indefinitely. [Gargoyle growth]
 16371 | Lair:5   | Reached XP level 14. HP: 88/95 MP: 20/20
 16544 | Lair:5   | XOM: scenery: 2 doors open
 16587 | Lair:5   | XOM: give mutations
 16587 | Lair:5   | Gained mutation: You rapidly evolve. [Xom's grace]
 16587 | Lair:5   | Gained mutation: You are robust. (+10% HP) [Xom's grace]
 16587 | Lair:5   | Gained mutation: You are very robust. (+20% HP) [Xom's grace]
 16694 | Lair:5   | XOM: divination: detect creatures
 16759 | Lair:6   | Entered Level 6 of the Lair of Beasts
 16859 | Lair:6   | XOM: cleaving
 16888 | Lair:6   | Reached skill level 12 in Axes
 16927 | Lair:6   | Reached skill level 6 in Dodging
 17089 | Lair:6   | XOM: summons 14 friendly demons
 17142 | Lair:6   | XOM: divination: magic mapping
 17152 | Lair:6   | Found a viscous altar of Jiyva.
 17152 | Lair:6   | XOM: fog
 17153 | Lair:6   | Found a staircase to the Slime Pits.
 17157 | Lair:6   | XOM: polymorph spiny frog -> jumping spider
 17260 | Lair:6   | XOM: harmless Hex miscast
 17459 | Lair:6   | Noticed Snorg
 17469 | Lair:6   | Killed Snorg
 17507 | Lair:6   | XOM: torment (80/115 hp)
 17516 | Lair:6   | XOM: silly message
 17586 | Lair:6   | XOM: summons friendly shadow imp
 17730 | Lair:6   | Found a burning altar of Makhleb.
 17760 | Lair:6   | XOM: blink monster(s)
 17771 | Lair:6   | XOM: blink monster(s)
 17794 | Lair:6   | XOM: blink monster(s)
 17805 | Lair:6   | XOM: confuse monster(s)
 17877 | Lair:6   | Found a gateway to Hell.
 17973 | Lair:6   | Got a wavering brass ring
 18571 | D:13     | Reached skill level 12 in Shields
 18891 | D:13     | XOM: polymorph white ugly thing -> tyrant leech
 19112 | D:13     | XOM: noise
 19157 | D:13     | Got a bone rapier
 19159 | D:13     | Identified the ring of Doubts {rF+ Int+5} (You found it on level 6 of the Lair of Beasts)
 19265 | D:14     | Found a flickering gateway to a bazaar.
 19285 | D:14     | XOM: blink monster(s)
 19286 | D:14     | XOM: harmless Hex miscast
 19303 | D:14     | XOM: summons 3 friendly demons
 19327 | Bazaar   | Entered a bazaar
 19330 | Bazaar   | Found Faergh's Assorted Antiques.
 19344 | Bazaar   | Found Luomaici's Armour Boutique.
 19368 | Bazaar   | Found Ubodon's Food Shop.
 19398 | Bazaar   | Found Ixziczau's Book Shop.
 19403 | Bazaar   | Bought a book of Battle for 280 gold pieces
 19434 | Bazaar   | Bought a wand of iceblast (10) for 72 gold pieces
 19434 | Bazaar   | Bought a scroll of teleportation for 54 gold pieces
 19434 | Bazaar   | Bought an amethyst potion for 16 gold pieces
 19434 | Bazaar   | Bought a potion of mutation for 144 gold pieces
 19448 | Bazaar   | Bought a +2 pair of gloves of dexterity for 258 gold pieces
 19499 | Bazaar   | Learned a level 2 spell: Song of Slaying
 19501 | Bazaar   | Learned a level 1 spell: Apportation
 19504 | Bazaar   | Learned a level 2 spell: Blink
 19508 | Bazaar   | Learned a level 3 spell: Regeneration
 19522 | Bazaar   | Bought a ration for 45 gold pieces
 19522 | Bazaar   | Bought a ration for 45 gold pieces
 19522 | Bazaar   | Bought a ration for 45 gold pieces
 19522 | Bazaar   | Bought a ration for 45 gold pieces
 19522 | Bazaar   | Bought a ration for 45 gold pieces
 19522 | Bazaar   | Bought a ration for 45 gold pieces
 19522 | Bazaar   | Bought a ration for 45 gold pieces
 19522 | Bazaar   | Bought a ration for 45 gold pieces
 19522 | Bazaar   | Bought a ration for 45 gold pieces
 19522 | Bazaar   | Bought a ration for 45 gold pieces
 19548 | D:14     | Identified the +7 rapier "Aphofoos" {freeze, +Inv rF- rC+} (You found it on level 13 of the Dungeon)
 19641 | D:14     | Reached XP level 15. HP: 121/121 MP: 21/21
 19650 | D:14     | XOM: scenery: create altars
 19651 | D:14     | XOM: noise
 19660 | D:14     | XOM: summons 2 friendly demons
 19664 | D:14     | XOM: scenery: create altars
 19695 | D:14     | XOM: potion effect (brilliance)
 19704 | D:14     | XOM: cleaving
 19739 | D:14     | XOM: confuse monster(s)
 19800 | D:14     | XOM: cast spell 'Alistair's Intoxication'
 19804 | D:14     | XOM: potion effect (brilliance)
 19808 | D:14     | XOM: potion effect (invisibility)
 19854 | D:14     | XOM: harmless Fire miscast
 19856 | D:14     | XOM: noise
 19911 | D:14     | XOM: give mutations
 19911 | D:14     | Lost mutation: You are partially covered in iridescent scales. (AC +2) [Xom's mischief]
 19911 | D:14     | Lost mutation: You possess an exceptional clarity of mind. [Xom's mischief]
 19911 | D:14     | Lost mutation: You are partially covered in yellow scales. (AC +2) [Xom's mischief]
 19931 | D:14     | XOM: give mutation
 19931 | D:14     | Lost mutation: You are partially covered in icy blue scales. (AC +2) [Xom's mischief]
 20214 | D:14     | XOM: confusion
 20218 | D:14     | XOM: mild Tmut miscast
 20243 | D:14     | XOM: divination: detect items
 20263 | D:14     | Lost mutation: Your mind is acute. (Int +2) [a neqoxec]
 20268 | D:14     | XOM: scenery: create altars
 20388 | D:14     | Reached skill level 15 in Fighting
 20474 | D:14     | XOM: scenery: 3 doors close
 20559 | D:14     | Found a gate to the Vaults.
 20615 | D:14     | XOM: confusion (+ monsters)
 20636 | D:14     | XOM: blink monster(s)
 20644 | D:14     | XOM: scenery: create altars
 20666 | D:14     | XOM: cleaving
 20678 | D:14     | XOM: scenery: create altars
 20681 | D:14     | XOM: summons friendly quasit
 20844 | D:15     | Entered Level 15 of the Dungeon
 20909 | D:15     | XOM: divination: detect creatures
 21020 | D:15     | XOM: enchant monster (good)
 21021 | D:15     | XOM: cast spell 'Cause Fear'
 21034 | D:15     | XOM: enchant monster (good)
 21056 | D:15     | XOM: summons friendly shadow imp
 21066 | D:15     | XOM: divination: detect items
 21092 | D:15     | Noticed Josephine
 21124 | D:15     | Killed Josephine
 21232 | D:15     | XOM: polymorph centaur warrior -> snapping turtle
 21237 | D:15     | XOM: confusion
 21338 | D:15     | XOM: fog
 21353 | D:15     | XOM: scenery: create altars
 21375 | D:15     | XOM: confuse monster(s)
 21394 | D:15     | XOM: chaos upgrade
 21396 | D:15     | XOM: enchant monster (good)
 21404 | D:15     | Paralysed by a skeletal warrior for 3 turns
 21412 | D:15     | HP: 40/184 [mirror damage (10)]
 21418 | D:15     | HP: 43/184 [wraith[a death knight] (9)]
 21439 | D:15     | XOM: summons 2 friendly demons
 21469 | D:15     | XOM: mild Erth miscast
 21475 | D:15     | HP: 27/123 [skeletal warrior/glaive[a death knight] (10)]
 21857 | D:15     | XOM: mild Air miscast
 21884 | D:15     | Found a staircase to the Depths.
 21904 | D:15     | XOM: potion effect (might)
 21911 | D:15     | XOM: cast spell 'Leda's Liquefaction'
 22040 | D:15     | XOM: mild Tmut miscast
 22069 | D:15     | XOM: confuse monster(s)
 22075 | D:15     | Reached XP level 16. HP: 82/129 MP: 22/22
 22246 | D:15     | XOM: silly message
 22333 | D:15     | Found the +12 glaive of Prune {chop}
 22470 | D:15     | XOM: medium Necr miscast
 22566 | Orc:1    | Entered Level 1 of the Orcish Mines
 22570 | Orc:1    | Found Deitoh's Magic Scroll Shoppe.
 22621 | Orc:1    | Found Qybedgh's Armour Boutique.
 22638 | Orc:1    | Found Xisuqomi's Jewellery Shoppe.
 22672 | Orc:1    | Reached skill level 15 in Shields
 22696 | Orc:1    | Found Ciusun's Distillery.
 22787 | Orc:1    | Found Qemmanoi's Food Shop.
 23107 | Orc:1    | Bought a potion of heal wounds for 65 gold pieces
 23107 | Orc:1    | Bought a potion of haste for 130 gold pieces
 23107 | Orc:1    | Bought a potion of might for 52 gold pieces
 23107 | Orc:1    | Bought a potion of might for 52 gold pieces
 23107 | Orc:1    | Bought a potion of resistance for 130 gold pieces
 23131 | Orc:1    | Bought 2 scrolls of remove curse for 72 gold pieces
 23144 | Orc:2    | Entered Level 2 of the Orcish Mines
 23315 | Orc:2    | XOM: harmless Erth miscast
 23323 | Orc:2    | XOM: cast spell 'Leda's Liquefaction'
 23331 | Orc:2    | XOM: divination: detect creatures
 23333 | Orc:2    | HP: 31/130 [orc priest/divine providence (12)]
 23353 | Orc:2    | XOM: harmless Erth miscast
 23363 | Orc:2    | XOM: silly message
 23373 | Orc:2    | XOM: confuse monster(s)
 23376 | Orc:2    | XOM: scenery: create altars
 23458 | Orc:2    | Found a staircase to the Elven Halls.
 23552 | Orc:2    | Found Lint's Book Emporium.
 23916 | Orc:2    | XOM: enchant monster (good)
 23945 | Orc:2    | XOM: potion effect (haste)
 23975 | Orc:2    | XOM: confuse monster(s)
 23986 | Orc:2    | XOM: cleaving
 23992 | Orc:2    | XOM: scenery: create altars
 24025 | Orc:2    | Reached skill level 3 in Stealth
 24077 | Orc:2    | XOM: give mutations
 24077 | Orc:2    | Gained mutation: Your flesh is cold resistant. (rC+) [Xom's mischief]
 24077 | Orc:2    | Lost mutation: You are very robust. (+20% HP) [Xom's mischief]
 24077 | Orc:2    | Lost mutation: Your muscles are strong. (Str +2) [Xom's mischief]
 24121 | Orc:2    | XOM: god gift: 13 stones
 24152 | Orc:2    | XOM: confuse monster(s)
 24219 | Orc:2    | XOM: scenery: create altars
 24339 | Orc:2    | HP: 26/121 [orc knight/great sword of electrocution (22)]
 24343 | Orc:2    | XOM: summons friendly quasit
 24713 | Orc:2    | XOM: cloud trail
 24743 | Orc:2    | XOM: give mutations
 24743 | Orc:2    | Gained mutation: Your muscles are strong. (Str +2) [Xom's grace]
 24743 | Orc:2    | Gained mutation: Your natural rate of healing is unusually fast. [Xom's grace]
 24849 | Orc:2    | XOM: cleaving
 24881 | Orc:2    | Found Qawkeluhupp's Jewellery Shoppe.
 24884 | Orc:2    | Found Boxupueq's Assorted Antiques.
 24885 | Orc:2    | Found Ostropp's Antique Armour Shoppe.
 24886 | Orc:2    | Found Ytathrouv's Antique Weapon Shoppe.
 24889 | Orc:2    | Bought a pair of glowing boots for 187 gold pieces
 25021 | Orc:2    | XOM: enchant monster (good)
 25135 | Orc:2    | XOM: confuse monster(s)
 25140 | Orc:2    | XOM: fog
 25144 | Orc:2    | XOM: summons 16 friendly demons
 25282 | Orc:2    | Bought a pair of faintly glowing boots for 237 gold pieces
 25292 | Orc:2    | Identified the cursed -3 pair of boots of Resonance {Dex+4} (You bought it in a shop on level 2 of the Orcish Mines)
 25464 | Lair:1   | XOM: 8-stop teleportation journey
 25553 | Swamp:1  | Entered Level 1 of the Swamp
 25569 | Swamp:1  | XOM: swap monsters
 25689 | Swamp:1  | XOM: torment (86/121 hp)
 25794 | Swamp:1  | XOM: silly message
 25830 | Swamp:1  | Reached skill level 9 in Evocations
 25837 | Swamp:1  | XOM: potion effect (curing)
 25912 | Swamp:1  | XOM: 3-stop teleportation journey
 26086 | Swamp:1  | XOM: divination: detect items
 26267 | Swamp:1  | XOM: give mutations
 26267 | Swamp:1  | Lost mutation: You rapidly evolve. [Xom's mischief]
 26267 | Swamp:1  | Lost mutation: Your muscles are strong. (Str +2) [Xom's mischief]
 26267 | Swamp:1  | Lost mutation: Your flesh is cold resistant. (rC+) [Xom's mischief]
 26422 | Swamp:2  | XOM: scenery: create altars
 26515 | Swamp:2  | Noticed a tentacled monstrosity
 26523 | Swamp:2  | XOM: enchant monster (good)
 26544 | Swamp:2  | Killed a tentacled monstrosity
 26544 | Swamp:2  | Reached skill level 6 in Stealth
 26820 | Swamp:2  | Gained mutation: You rapidly evolve. [evolution]
 27006 | Swamp:3  | XOM: potion effect (curing)
 27322 | Swamp:3  | Reached XP level 17. HP: 127/127 MP: 24/24
 27488 | Swamp:3  | XOM: harmless Erth miscast
 27628 | Swamp:4  | Entered Level 4 of the Swamp
 27628 | Swamp:4  | XOM: summons friendly iron imp
 27704 | Swamp:4  | XOM: 7-stop teleportation journey
 27720 | Swamp:4  | XOM: confuse monster(s)
 27733 | Swamp:4  | XOM: summons 3 friendly demons
 27799 | Swamp:4  | XOM: god gift: 13 stones
 27844 | Swamp:4  | XOM: summons 3 hostile demons
 27897 | Swamp:4  | XOM: god gift: scroll labeled EGREULAMOB {god gift}
 27901 | Swamp:4  | XOM: cleaving
 27937 | Swamp:4  | XOM: divination: magic mapping
 27940 | Swamp:4  | XOM: potion effect (brilliance)
 27943 | Swamp:4  | XOM: god gift: 45 gold pieces
 28089 | Swamp:4  | XOM: harmless Pois miscast
 28095 | Swamp:4  | XOM: confuse monster(s)
 28104 | Swamp:4  | XOM: 6-stop teleportation journey
 28114 | Swamp:4  | XOM: summons 4 friendly demons
 28118 | Swamp:4  | XOM: divine lightning
 28122 | Swamp:4  | XOM: summons friendly ufetubus
 28156 | Swamp:4  | XOM: confuse monster(s)
 28162 | Swamp:4  | XOM: god gift: scroll of teleportation
 28180 | Swamp:4  | XOM: destruction
 28189 | Swamp:4  | XOM: cast spell 'Chain of Chaos'
 28204 | Swamp:4  | XOM: polymorph swamp dragon -> elephant
 28210 | Swamp:4  | XOM: enchant monster (good)
 28218 | Swamp:4  | XOM: summons friendly ufetubus
 28227 | Swamp:4  | XOM: fog
 28244 | Swamp:4  | XOM: cleaving
 28266 | Swamp:4  | XOM: 10-stop teleportation journey
 28301 | Swamp:4  | XOM: blink monster(s)
 28385 | Swamp:4  | Got a decaying rune of Zot
 28429 | Swamp:4  | XOM: cloud trail
 28835 | D:10     | XOM: medium Summ miscast
 28899 | Orc:1    | Bought a scroll of brand weapon for 240 gold pieces
 28906 | Orc:1    | Bought a scroll of enchant weapon for 90 gold pieces
 28937 | D:12     | XOM: summons 8 hostile demons
 29026 | D:10     | XOM: harmless Ice miscast
 29063 | Lair:3   | XOM: give mutation
 29063 | Lair:3   | Lost mutation: You have large cloven feet. [Xom's mischief]
 29112 | Spider:1 | XOM: noise
 29112 | Spider:1 | Entered Level 1 of the Spider Nest
 29121 | Spider:1 | XOM: blink monster(s)
 29151 | Spider:1 | XOM: repel stairs
 29256 | Spider:1 | XOM: summons 6 friendly demons
 29628 | Spider:1 | Reached skill level 1 in Spellcasting
 29628 | Spider:1 | Reached skill level 1 in Charms
 29630 | Spider:1 | Reached skill level 1 in Translocations
 29795 | Spider:1 | You are sucked into a shaft!
 29802 | Spider:2 | Reached skill level 1 in Necromancy
 29805 | Spider:2 | XOM: summons friendly crimson imp
 29806 | Spider:2 | Reached skill level 15 in Axes
 29824 | Spider:2 | XOM: scenery: create altars
 30408 | Spider:1 | Lost mutation: Your body sometimes deteriorates upon taking damage. [evolution]
 30526 | Spider:1 | Got a pair of faintly glowing gloves
 30537 | Spider:1 | Identified the +2 pair of gloves of the Slug {MR+} (You acquired it on level 1 of the Spider Nest)
 30645 | Spider:2 | XOM: fog
 30756 | Spider:2 | Reached XP level 18. HP: 136/136 MP: 26/26
 30778 | Spider:2 | XOM: give mutation
 30778 | Spider:2 | Gained mutation: Your movements are slightly less encumbered by armour. (ER -2) [Xom's grace]
 30806 | Spider:2 | XOM: cast spell 'Shadow Creatures'
 30808 | Spider:2 | XOM: enchant monster (good)
 30984 | Spider:2 | XOM: fog
 31045 | Spider:2 | XOM: scenery: create altars
 31246 | Spider:3 | XOM: summons friendly sixfirhy
 31247 | Spider:3 | XOM: smoke on damage
 31249 | Spider:3 | XOM: divine lightning
 31313 | Spider:3 | Found a transporter.
 31337 | Spider:3 | Noticed Forphokist's ghost (adept MiBe)
 31364 | Spider:3 | Found a transporter.
 31460 | Spider:3 | XOM: polymorph sixfirhy -> sun demon
 31509 | Spider:3 | XOM: fog
 31728 | Spider:3 | XOM: give mutations
 31728 | Spider:3 | Gained mutation: You are agile. (Dex +2) [Xom's grace]
 31728 | Spider:3 | Gained mutation: You have sharp toenails. [Xom's grace]
 31728 | Spider:3 | Gained mutation: Your spells are harder to cast, but more powerful. [Xom's grace]
 31728 | Spider:3 | Gained mutation: You passively map a small area around you. [Xom's grace]
 31788 | Spider:3 | XOM: divination: detect items
 31817 | Spider:3 | Killed Forphokist's ghost
 31964 | Spider:4 | Entered Level 4 of the Spider Nest
 31973 | Spider:4 | XOM: cleaving
 31978 | Spider:4 | XOM: scenery: create altars
 31988 | Spider:4 | XOM: enchant monster (good)
 32012 | Spider:4 | Reached skill level 3 in Charms
 32026 | Spider:4 | XOM: cleaving
 32030 | Spider:4 | XOM: potion effect (invisibility)
 32031 | Spider:4 | Reached skill level 9 in Armour
 32116 | Spider:4 | XOM: potion effect (invisibility)
 32126 | Spider:4 | Reached skill level 3 in Translocations
 32133 | Spider:4 | Reached skill level 3 in Spellcasting
 32161 | Spider:4 | XOM: confuse monster(s)
 32169 | Spider:4 | XOM: summons 14 friendly demons
 32239 | Spider:4 | Reached skill level 3 in Necromancy
 32239 | Spider:4 | XOM: noise
 32253 | Spider:4 | XOM: polymorph wolf spider -> ettin
 32269 | Spider:4 | XOM: summons 1 hostile demon
 32280 | Spider:4 | HP: 13/136 [disintegration (39)]
 32283 | Spider:4 | XOM: give mutations
 32283 | Spider:4 | Lost mutation: You passively map a small area around you. [Xom's mischief]
 32283 | Spider:4 | Lost mutation: You have a pair of large antennae on your head. (SInv) [Xom's mischief]
 32295 | Spider:3 | XOM: medium Tloc miscast
 32295 | Spider:3 | HP: 33/136 [something (10)]
 32431 | Spider:3 | Lost mutation: You are agile. (Dex +2) [evolution]
 32481 | Spider:4 | XOM: scenery: create altars
 32487 | Spider:4 | XOM: noise
 32492 | Spider:4 | XOM: swap monsters
 32533 | Spider:4 | XOM: noise
 32535 | Spider:4 | XOM: medium Erth miscast
 32741 | Spider:4 | XOM: harmless Fire miscast
 32765 | Spider:4 | XOM: cleaving
 32779 | Spider:4 | Got a gossamer rune of Zot
 32795 | Spider:4 | XOM: noise
 32797 | Spider:4 | XOM: draining
 32971 | Spider:4 | XOM: divination: detect creatures
 33141 | D:10     | XOM: scenery: 3 doors close
 33263 | Orc:2    | XOM: god gift: 6 rations
 33279 | Orc:2    | Bought a crude chain mail for 237 gold pieces
 33289 | Orc:2    | Identified the +2 chain mail "Minti" {+Inv rN+ Dex+6} (You bought it in a shop on level 2 of the Orcish Mines)
 33336 | Orc:2    | XOM: harmless Necr miscast
 33455 | Vaults:1 | Entered Level 1 of the Vaults
 33473 | Vaults:1 | XOM: 6-stop teleportation journey
 33480 | Vaults:1 | XOM: enchant monster (bad)
 33510 | Vaults:1 | Reached XP level 19. HP: 141/141 MP: 27/27
 33550 | Vaults:1 | XOM: chaos cloud
 33558 | Vaults:1 | XOM: confusion (+ monsters)
 33563 | Vaults:1 | HP: 29/141 [entropy weaver (8)]
 33746 | Vaults:1 | XOM: noise
 33750 | Vaults:1 | XOM: 3-stop teleportation journey
 33916 | Vaults:1 | XOM: medium Erth miscast
 33943 | Vaults:1 | XOM: summons 5 hostile demons
 33947 | Vaults:1 | XOM: swap monsters
 33952 | Vaults:1 | XOM: potion effect (curing)
 33958 | Vaults:1 | XOM: summons friendly crimson imp
 34045 | Vaults:1 | XOM: cast spell 'Summon Small Mammal'
 34103 | Vaults:1 | XOM: summons 2 friendly demons
 34118 | Vaults:1 | XOM: enchant monster (bad)
 34188 | Vaults:1 | XOM: medium Summ miscast
 34193 | Vaults:1 | XOM: scenery: create altars
 34381 | Vaults:1 | XOM: confuse monster(s)
 34551 | Vaults:1 | XOM: summons friendly quasit
 34569 | Vaults:1 | XOM: cast spell 'Dispersal'
 34577 | Vaults:1 | Reached skill level 18 in Fighting
 34771 | Vaults:1 | Gained mutation: You are partially covered in icy blue scales. (AC +2) [evolution]
 35219 | Vaults:2 | XOM: summons 6 friendly demons
 35294 | Vaults:2 | Noticed Mara
 35297 | Vaults:2 | Noticed Nib's illusion
 35306 | Vaults:2 | XOM: confuse monster(s)
 35312 | Vaults:2 | XOM: scenery: create altars
 35317 | Vaults:2 | XOM: noise
 35326 | Vaults:2 | Killed Mara
 35332 | Vaults:2 | XOM: fake destruction
 35470 | Vaults:2 | XOM: noise
 35496 | Vaults:2 | Noticed Jory
 35496 | Vaults:2 | XOM: cast spell 'Dispersal'
 35511 | Vaults:2 | XOM: enchant monster (good)
 35518 | Vaults:2 | HP: 35/143 [Jory/great sword of flaming (49)]
 35526 | Vaults:2 | XOM: divination: detect items
 35527 | Vaults:2 | Killed Jory
 35536 | Vaults:2 | HP: 35/143 [deep elf mage/bolt of magma[an ironheart preserver] (11)]
 35540 | Vaults:2 | Reached XP level 20. HP: 38/149 MP: 28/28
 35744 | Vaults:2 | Reached skill level 12 in Evocations
 35793 | Vaults:2 | XOM: confuse monster(s)
 35869 | Vaults:2 | XOM: god gift: 6 rations
 35883 | Vaults:2 | XOM: confuse monster(s)
 36170 | Vaults:2 | XOM: scenery: 2 doors open, 1 doors close
 36617 | Vaults:3 | Reached skill level 6 in Charms
 36697 | Vaults:3 | XOM: divination: magic mapping
 36728 | Vaults:3 | Noticed Margery
 36731 | Vaults:3 | XOM: enchant monster (good)
 36748 | Vaults:3 | Killed Margery
 36765 | Vaults:3 | Lost mutation: You rapidly evolve. [decline of evolution]
 36826 | Vaults:3 | Reached skill level 6 in Necromancy
 36992 | Vaults:3 | XOM: 3-stop teleportation journey
 37057 | Vaults:3 | XOM: summons 3 friendly demons
 37190 | Vaults:3 | XOM: confusion
 37209 | Vaults:3 | Found a staircase to the Crypt.
 37209 | Vaults:3 | Found an ancient bone altar of Kikubaaqudgha.
 37210 | Vaults:3 | Found a basalt altar of Yredelemnul.
 37457 | Vaults:3 | XOM: enchant monster (good)
 37471 | Vaults:3 | XOM: blink monster(s)
 37861 | Vaults:3 | Nib: sup
 38000 | Vaults:4 | XOM: summons friendly quasit
 38003 | Vaults:4 | XOM: potion effect (brilliance)
 38056 | Vaults:4 | Found a large runed door.
 38056 | Vaults:4 | Found a large runed door.
 38056 | Vaults:4 | Noticed Kihot's ghost (adept OpAs)
 38127 | Vaults:4 | XOM: noise
 38145 | Vaults:4 | XOM: destruction
 38290 | Vaults:4 | Reached XP level 21. HP: 140/157 MP: 30/30
 38302 | Vaults:4 | Reached skill level 12 in Armour
 38398 | Vaults:4 | XOM: medium Hex miscast
 38454 | Vaults:4 | XOM: confusion
 38459 | Vaults:4 | XOM: swap monsters
 38461 | Vaults:4 | XOM: 2-stop teleportation journey
 38474 | Vaults:4 | XOM: 1-stop teleportation journey
 38630 | Vaults:4 | XOM: harmless Air miscast
 38853 | Vaults:4 | XOM: summons 1 hostile shadow creature
 38866 | Vaults:4 | XOM: divination: detect items
 38993 | Vaults:4 | XOM: divination: detect items
 39019 | Vaults:4 | braks: chillin =D
 39039 | Vaults:5 | Entered Level 5 of the Vaults
 39039 | Vaults:5 | XOM: noise
 39049 | Vaults:5 | XOM: cast spell 'Ring of Flames'
 39060 | Vaults:5 | XOM: cast spell 'Discord'
 39134 | Vaults:5 | Noticed an ancient lich
 39136 | Vaults:5 | XOM: confuse monster(s)
 39160 | Vaults:5 | XOM: confuse monster(s)
 39258 | Vaults:5 | XOM: summons 2 friendly demons
 39267 | Vaults:5 | XOM: enchant monster (bad)
 39283 | Vaults:5 | XOM: enchant monster (good)
 39295 | Vaults:5 | XOM: summons 2 friendly demons
 39346 | Vaults:5 | XOM: divination: detect creatures
 39377 | Vaults:5 | XOM: scenery: create altars
 39394 | Vaults:5 | HP: 25/159 [stone giant/large rock (28)]
 39395 | Vaults:5 | XOM: confusion (+ monsters)
 39397 | Vaults:5 | Found Peantemi's Food Boutique.
 39397 | Vaults:5 | Noticed a golden dragon
 39398 | Vaults:5 | Found the +6 lightning scales {run, rElec}
 39399 | Vaults:5 | HP: 37/159 [storm dragon/bolt of lightning (9)]
 39414 | Vaults:5 | HP: 28/159 [deep elf high priest/divine providence (14)]
 39525 | Vaults:5 | XOM: 1-stop teleportation journey
 39539 | Vaults:5 | XOM: swap monsters
 39567 | Vaults:5 | XOM: noise
 39574 | Vaults:5 | XOM: smoke on damage
 39580 | Vaults:5 | XOM: swap monsters
 39599 | Vaults:5 | Reached XP level 22. HP: 72/167 MP: 31/31
 39600 | Vaults:5 | Noticed a golden dragon
 39619 | Vaults:5 | Killed a golden dragon
 39619 | Vaults:5 | HP: 20/167 [war gargoyle/spray of metal splinters (22)]
 39623 | Vaults:5 | braks: invis?
 39628 | Vaults:5 | XOM: silly message
 39628 | Vaults:5 | HP: 37/167 [tengu reaver/war axe of freezing (3)]
 39639 | Vaults:5 | HP: 33/167 [tengu reaver/war axe of freezing (4)]
 39642 | Vaults:5 | Reached skill level 18 in Shields
 39664 | Vaults:5 | HP: 25/167 [deep elf high priest/damnation (24)]
 39682 | Vaults:5 | HP: 34/167 [deep elf high priest/short sword (8)]
 39691 | Vaults:5 | HP: 38/167 [tengu reaver/war axe of chopping (1)]
 39700 | Vaults:5 | XOM: swap monsters
 39734 | Vaults:5 | XOM: harmless Erth miscast
 39746 | Vaults:5 | XOM: god gift: long sword {god gift}
 39756 | Vaults:5 | XOM: swap monsters
 39805 | Vaults:5 | XOM: god gift: wand of iceblast (11)
 39808 | Vaults:5 | XOM: scenery: create altars
 39817 | Vaults:5 | XOM: potion effect (brilliance)
 39832 | Vaults:5 | XOM: divination: magic mapping
 39869 | Vaults:5 | XOM: harmless Fire miscast
 39925 | Vaults:5 | Lost mutation: Your natural rate of healing is unusually fast. [evolution]
 39925 | Vaults:5 | Lost mutation: You evolve. [end of evolution]
 39934 | Vaults:5 | XOM: cast spell 'Summon Small Mammal'
 40106 | Vaults:5 | XOM: potion effect (agility)
 40120 | Vaults:5 | XOM: confuse monster(s)
 40140 | Vaults:5 | XOM: divination: detect creatures
 40145 | Vaults:5 | XOM: enchant monster (bad)
 40150 | Vaults:5 | XOM: cast spell 'Summon Ice Beast'
 40155 | Vaults:5 | Killed a golden dragon
 40252 | Vaults:5 | XOM: confuse monster(s)
 40253 | Vaults:5 | XOM: divination: detect creatures
 40269 | Vaults:5 | Reached skill level 18 in Axes
 40282 | Vaults:5 | XOM: potion effect (haste)
 40505 | Vaults:5 | XOM: harmless Summ miscast
 40522 | Vaults:5 | XOM: summons friendly shadow imp
 40530 | Vaults:5 | Killed an ancient lich
 40548 | Vaults:5 | XOM: summons 7 friendly demons
 40564 | Vaults:5 | Reached skill level 21 in Fighting
 40575 | Vaults:5 | XOM: swap monsters
 40596 | Vaults:5 | XOM: divination: detect items
 40684 | Vaults:5 | XOM: harmless Necr miscast
 40685 | Vaults:5 | XOM: polymorph stone giant -> azure jelly
 40699 | Vaults:5 | Reached XP level 23. HP: 176/176 MP: 32/32
 40796 | Vaults:5 | Got a silver rune of Zot
 40801 | Vaults:5 | Noticed a golden dragon
 40814 | Vaults:5 | XOM: potion effect (invisibility)
 40818 | Vaults:5 | Killed a golden dragon
 40843 | Vaults:5 | XOM: summons 6 friendly demons
 41125 | Vaults:5 | XOM: potion effect (curing)
 41127 | Vaults:5 | XOM: summons 3 hostile demons
 41218 | Vaults:5 | Identified Zawneum's Disquisition on the Mutagenic Entourage
 41224 | Vaults:5 | Identified the Reference Book on Scorching Curses
 41361 | Vaults:5 | XOM: scenery: 1 doors close
 41490 | Vaults:5 | XOM: cloud trail
 42151 | Lair:4   | XOM: harmless Tloc miscast
 42308 | D:15     | XOM: noise
 42329 | Depths:1 | Entered Level 1 of the Depths
 42347 | Depths:1 | Found Gulec's Pet Rocks.
 42440 | Depths:1 | XOM: blink monster(s)
 42504 | Depths:1 | XOM: divination: detect creatures
 42725 | Depths:1 | XOM: enchant monster (good)
 42777 | Depths:1 | XOM: enchant monster (bad)
 42780 | Depths:1 | XOM: summons friendly ufetubus
 42850 | Depths:1 | Found a one-way gate leading to the halls of Pandemonium.
 43321 | Depths:2 | XOM: cleaving
 43323 | Depths:2 | XOM: fake destruction
 43335 | Depths:2 | XOM: polymorph great orb of eyes -> ettin
 43339 | Depths:2 | XOM: summons 4 friendly demons
 43349 | Depths:2 | XOM: confuse monster(s)
 43650 | Depths:2 | XOM: polymorph stone giant -> fire giant
 43729 | Depths:2 | XOM: confusion (+ monsters)
 44498 | Depths:2 | Got a slimy broad axe {chop}
 44499 | Depths:2 | Identified the cursed +1 broad axe of the Reaper {chop, Str+6 Dex+3} (You took it off a vampire mage on level 2 of the Depths)
 44578 | Depths:2 | XOM: confusion
 44581 | Depths:2 | Noticed a caustic shrike
 44585 | Depths:2 | XOM: confuse monster(s)
 44604 | Depths:2 | XOM: potion effect (might)
 44619 | Depths:2 | Killed a caustic shrike
 44619 | Depths:2 | Reached XP level 24. HP: 184/184 MP: 32/32
 44645 | Depths:2 | Noticed a caustic shrike
 44654 | Depths:2 | XOM: blink monster(s)
 44666 | Depths:2 | Killed a caustic shrike
 44875 | Depths:2 | Found the +7 longbow "Piercer" {penet, EV-2}
 45079 | Depths:3 | XOM: enchant monster (bad)
 45083 | Depths:3 | XOM: summons friendly shadow imp
 45092 | Depths:3 | XOM: summons 2 friendly demons
 45094 | Depths:3 | XOM: polymorph crimson imp -> ufetubus
 45104 | Depths:3 | XOM: destruction
 45118 | Depths:3 | Noticed Frederick
 45131 | Depths:3 | Noticed Frederick
 45131 | Depths:3 | Frederick changed into Frederick the titan
 45131 | Depths:3 | XOM: polymorph Frederick -> Frederick the titan
 45132 | Depths:3 | XOM: cleaving
 45141 | Depths:3 | Killed Frederick the titan
 45259 | Depths:3 | XOM: mild Conj miscast
 45394 | Depths:3 | XOM: scenery: 1 doors open
 45405 | Depths:3 | XOM: cloud trail
 45586 | Depths:3 | XOM: summons friendly chaos spawn
 45616 | Depths:3 | XOM: 3-stop teleportation journey
 45623 | Depths:3 | XOM: summons 11 friendly demons
 45754 | Depths:3 | XOM: give mutations
 45754 | Depths:3 | Gained mutation: You are partially covered in large bone plates. (SH +4) [Xom's grace]
 45754 | Depths:3 | Gained mutation: You have supernaturally acute eyesight. (SInv) [Xom's grace]
 45754 | Depths:3 | Gained mutation: You are agile. (Dex +2) [Xom's grace]
 45830 | Depths:3 | Identified Lehudib's Volume of the Rocks
 45866 | Depths:3 | XOM: 2-stop teleportation journey
 45891 | Depths:3 | Reached skill level 9 in Dodging
 45942 | Depths:3 | XOM: cast spell 'Summon Ice Beast'
 46017 | Depths:3 | XOM: medium Hex miscast
 46058 | Depths:3 | Found a gateway to a ziggurat.
 46267 | Depths:3 | XOM: swap monsters
 46276 | Depths:3 | XOM: chaos upgrade
 46313 | Depths:3 | Identified the Guide on Ice
 46407 | Depths:3 | HP: 42/184 [eidolon/bolt of negative energy (12)]
 46701 | Depths:3 | XOM: mild Fire miscast
 46787 | Depths:3 | XOM: noise
 46828 | Depths:3 | XOM: harmless Summ miscast
 46913 | Depths:3 | XOM: 1-stop teleportation journey
 46927 | Depths:3 | Paralysed by you for 7 turns
 46946 | Depths:3 | Identified the Volume of the Serpent
 47053 | Depths:3 | Reached skill level 21 in Shields
 47186 | Depths:3 | XOM: confusion (+ monsters)
 47384 | Depths:3 | XOM: destruction
 47420 | Depths:3 | Identified the Catalogue of Sinister Secrets
 47821 | Depths:4 | Found a one-way gate to the infinite horrors of the Abyss.
 47958 | Depths:4 | XOM: cast spell 'Summon Horrible Things'
 47978 | Depths:4 | XOM: chaos upgrade
 47988 | Depths:4 | Reached XP level 25. HP: 131/192 MP: 32/32
 48009 | Depths:4 | XOM: destruction
 48025 | Depths:4 | XOM: medium Air miscast
 48119 | Depths:4 | XOM: cast spell 'Olgreb's Toxic Radiance'
 48126 | Depths:4 | XOM: polymorph spriggan defender -> fire giant
 48278 | Depths:4 | XOM: mild Summ miscast
 48368 | Depths:4 | XOM: polymorph hell knight -> floating eye
 48681 | Depths:4 | XOM: harmless Conj miscast
 48697 | Depths:4 | XOM: summons 1 hostile demon
 48698 | Depths:4 | XOM: fog
 48935 | Depths:5 | Entered Level 5 of the Depths
 48980 | Depths:5 | Paralysed by a floating eye for 4 turns
 49016 | Depths:5 | Noticed Xtahua
 49023 | Depths:5 | Noticed Xtahua
 49023 | Depths:5 | Xtahua changed into Xtahua the juggernaut
 49023 | Depths:5 | XOM: polymorph Xtahua -> Xtahua the juggernaut
 49030 | Depths:5 | XOM: harmless Conj miscast
 49039 | Depths:5 | Killed Xtahua the juggernaut
 49093 | Depths:5 | Got a steaming marble ring
 49105 | Depths:5 | Identified the ring "Yteigol" {rCorr +Inv +Fly rElec Stlth-} (You found it on level 5 of the Depths)
 49193 | Depths:5 | Paralysed by a floating eye for 4 turns
 49194 | Depths:5 | XOM: summons friendly quasit
 49250 | Depths:5 | Paralysed by a floating eye for 2 turns
 49259 | Depths:5 | XOM: cloud trail
 49270 | Depths:5 | XOM: blink monster(s)
 49306 | Depths:5 | Paralysed by a floating eye for 4 turns
 49328 | Depths:5 | Found a shadowy altar of Dithmenos.
 49377 | Depths:5 | Noticed Sojobo
 49381 | Depths:5 | XOM: enchant monster (good)
 49386 | Depths:5 | XOM: enchant monster (bad)
 49399 | Depths:5 | Killed Sojobo
 49400 | Depths:5 | XOM: enchant monster (good)
 49617 | Depths:5 | XOM: divination: detect items
 49665 | Depths:5 | XOM: divination: magic mapping
 49671 | Depths:5 | Found a gate to the Realm of Zot.
 49733 | Depths:5 | XOM: chaos upgrade
 49847 | Depths:5 | XOM: summons 12 hostile demons
 49884 | Depths:5 | XOM: chaos cloud
 49909 | Depths:5 | Gained mutation: You tend to lose your temper in combat. [mutagenic glow]
 49931 | Depths:5 | XOM: mild Summ miscast
 49951 | Depths:5 | Identified the ring "Medwyith" {rC+ rN+ AC+4 Dex+7} (You found it on level 5 of the Depths)
 49958 | Depths:5 | Gained mutation: Your body sometimes deteriorates upon taking damage. [mutagenic glow]
 50015 | Depths:5 | Found a radiant altar of Vehumet.
 50019 | Depths:5 | Lost mutation: You are robust. (+10% HP) [mutagenic glow]
 50063 | Depths:5 | Got a pitted glass ring
 50501 | Depths:5 | Identified the ring of Tuvvoan {rC+ Str+4 Int+5 Dex-3 SInv} (You found it on level 5 of the Depths)
 50502 | Depths:5 | Identified the +6 shadow dragon scales of Lantasoy {+Blink Str+4 Int+4 Stlth++++} (You found it on level 5 of the Depths)
 50524 | Zot:1    | Entered Level 1 of the Realm of Zot
 50559 | Zot:1    | XOM: chaos upgrade
 50563 | Zot:1    | XOM: noise
 50581 | Zot:1    | XOM: polymorph white draconian knight -> sphinx
 50582 | Zot:1    | XOM: fog
 50587 | Zot:1    | XOM: summons 11 friendly demons
 50593 | Zot:1    | XOM: mild Pois miscast
 50599 | Zot:1    | Reached XP level 26. HP: 151/181 MP: 33/33
 50611 | Zot:1    | XOM: medium Hex miscast
 50620 | Zot:1    | XOM: blink monster(s)
 50625 | Zot:1    | XOM: chaos upgrade
 50710 | Depths:5 | XOM: mild Hex miscast
 50760 | Depths:5 | XOM: silly message
 50941 | Zot:1    | Noticed an orb of fire
 50948 | Zot:1    | XOM: scenery: create altars
 50950 | Zot:1    | Gained mutation: You are dopey. (Int -2) [an orb of fire]
 50951 | Zot:1    | XOM: scenery: create altars
 50972 | Zot:1    | XOM: 8-stop teleportation journey
 51038 | Zot:1    | XOM: give mutations
 51038 | Zot:1    | Gained mutation: Your muscles are strong. (Str +2) [Xom's grace]
 51038 | Zot:1    | Gained mutation: You have a pair of large antennae on your head. (SInv) [Xom's grace]
 51219 | Zot:1    | XOM: 1-stop teleportation journey
 51466 | Zot:1    | XOM: divine lightning
 51468 | Zot:1    | XOM: confuse monster(s)
 51561 | Zot:1    | XOM: give mutation
 51561 | Zot:1    | Lost mutation: You are dopey. (Int -2) [Xom's grace]
 51595 | Zot:1    | Gained mutation: Armour fits poorly on your strangely shaped body. [an orb of fire]
 51596 | Zot:1    | Killed an orb of fire
 51615 | Zot:1    | XOM: scenery: create altars
 51620 | Zot:1    | XOM: enchant monster (bad)
 51627 | Zot:1    | XOM: cleaving
 51773 | Zot:1    | XOM: give mutations
 51773 | Zot:1    | Lost mutation: Your skin changes colour to match your surroundings (Stealth+). [Xom's mischief]
 51773 | Zot:1    | Lost mutation: You are agile. (Dex +2) [Xom's mischief]
 51932 | Zot:2    | XOM: cast spell 'Summon Ice Beast'
 52037 | Zot:2    | XOM: enchant monster (good)
 52152 | Zot:2    | XOM: blink monster(s)
 52164 | Zot:2    | XOM: confusion
 52167 | Zot:2    | XOM: fake destruction
 52175 | Zot:2    | XOM: cast spell 'Discord'
 52176 | Zot:2    | Reached skill level 15 in Armour
 52535 | Zot:2    | XOM: 1-stop teleportation journey
 52699 | Zot:2    | XOM: silly message
 52821 | Zot:3    | XOM: potion effect (heal wounds)
 52831 | Zot:3    | XOM: potion effect (brilliance)
 52917 | Zot:3    | XOM: divination: magic mapping
 53326 | Zot:3    | XOM: harmless Ice miscast
 53335 | Zot:3    | XOM: harmless Necr miscast
 53493 | Zot:3    | Noticed an orb of fire
 53504 | Zot:3    | Lost mutation: You have supernaturally acute eyesight. (SInv) [an orb of fire]
 53508 | Zot:3    | XOM: potion effect (haste)
 53522 | Zot:3    | Gained mutation: You are dopey. (Int -2) [an orb of fire]
 53527 | Zot:3    | XOM: potion effect (curing)
 53532 | Zot:3    | XOM: silly message
 53535 | Zot:3    | Killed an orb of fire
 53545 | Zot:3    | XOM: potion effect (brilliance)
 53575 | Zot:3    | XOM: potion effect (might)
 53580 | Zot:3    | Reached XP level 27. HP: 130/188 MP: 33/33
 53637 | Zot:3    | XOM: potion effect (might)
 53687 | Zot:3    | XOM: enchant monster (bad)
 53688 | Zot:3    | XOM: summons 7 hostile demons
 54573 | Zot:3    | XOM: severe Pois miscast
 55098 | Zot:3    | XOM: mild Tloc miscast
 55214 | Zot:3    | XOM: god gift: scroll of random uselessness
 55222 | Zot:3    | XOM: summons friendly quasit
 55599 | Zot:3    | XOM: give mutations
 55599 | Zot:3    | Gained mutation: You evolve. [Xom's grace]
 55599 | Zot:3    | Gained mutation: You expend magic power (3 MP) to strengthen your wands. [Xom's grace]
 55599 | Zot:3    | Gained mutation: You rapidly evolve. [Xom's grace]
 55599 | Zot:3    | Gained mutation: You are agile. (Dex +2) [Xom's grace]
 55660 | Zot:3    | XOM: god gift: ration
 55718 | Zot:4    | XOM: divination: detect items
 55721 | Zot:4    | XOM: 1-stop teleportation journey
 55742 | Zot:4    | XOM: divination: detect creatures
 55743 | Zot:4    | XOM: swap monsters
 55749 | Zot:4    | XOM: blink monster(s)
 56081 | Zot:4    | XOM: confusion
 56084 | Zot:4    | XOM: blink monster(s)
 56268 | Zot:4    | Reached skill level 15 in Evocations
 56276 | Zot:4    | XOM: severe Summ miscast
 56282 | Zot:4    | Reached skill level 24 in Shields
 56307 | Zot:4    | XOM: mild Necr miscast
 57064 | Zot:4    | XOM: harmless Conj miscast
 57100 | Zot:4    | XOM: summons friendly iron imp
 57101 | Zot:4    | XOM: blink monster(s)
 57245 | Zot:4    | XOM: torment (121/189 hp)
 57428 | Zot:4    | XOM: mild Fire miscast
 57444 | Zot:4    | Reached skill level 24 in Fighting
 57608 | Zot:4    | Nib: hmm how to do z:5 with xom teleporting me lal
 57655 | Zot:5    | Entered Level 5 of the Realm of Zot
 57706 | Zot:5    | Noticed conein's ghost (legendary FoFi)
 57716 | Zot:5    | Found a runed gate.
 57716 | Zot:5    | Found a runed gate.
 57718 | Zot:5    | Found a runed gate.
 57726 | Zot:5    | XOM: cast spell 'Summon Horrible Things'
 57727 | Zot:5    | XOM: divination: detect creatures
 57729 | Zot:5    | XOM: divination: magic mapping
 57733 | Zot:5    | XOM: potion effect (heal wounds)
 57736 | Zot:5    | XOM: harmless Necr miscast
 57749 | Zot:5    | braks: very carefully xD
 57952 | Zot:5    | Noticed an ancient lich
 57969 | Zot:5    | XOM: divination: detect items
 57969 | Zot:5    | Killed an ancient lich
 57982 | Zot:5    | XOM: noise
 57988 | Zot:5    | XOM: scenery: create altars
 58029 | Zot:5    | XOM: god gift: wand of enslavement (15)
 58037 | Zot:5    | Noticed an orb of fire
 58037 | Zot:5    | Gained mutation: You occasionally shout uncontrollably at your foes. [an orb of fire]
 58047 | Zot:5    | Gained mutation: You sometimes yell uncontrollably at your foes. [an orb of fire]
 58047 | Zot:5    | Noticed an orb of fire
 58053 | Zot:5    | Noticed an orb of fire
 58056 | Zot:5    | Gained mutation: You are frail. (-10% HP) [an orb of fire]
 58060 | Zot:5    | HP: 42/171 [orb of fire/bolt of fire (3)]
 58061 | Zot:5    | HP: 17/171 [orb of fire/fireball (19)]
 58063 | Zot:5    | HP: 7/171 [orb of fire/fireball (15)]
 58063 | Zot:5    | Killed from afar by an orb of fire

Vault maps used:
D:1:      dpeg_arrival_ratfight, lemuel_another_geyser
D:2:      gammafunk_temple_overflow_forgotten, uniq_jessica, uniq_natasha
D:4:      gammafunk_ghost_stat_death, uniq_pikel, uniq_ijyb, uniq_eustachio
D:5:      first_ration, grunt_decor_cap
D:6:      lemuel_crystal_altar, uniq_menkaure
D:7:      kennysheep_little_box, minmay_temple_entry_mist,
          hangedman_decor_diamond_cutter
D:8:      serial_shops, nicolae_shop_crystal, hangedman_little_slice_of_home
D:9:      eat_drink_and_be_merry_uskayaw, serial_shops, shop, serial_curves,
          eino_curves_02, eino_curves_03, uniq_grum, uniq_joseph
D:10:     dpeg_lair_monsters
D:11:     basic_altar, gammafunk_ghost_necromancy
D:12:     orc_0_dummy, grunt_ministairs_9, lightli_wizard_tower, uniq_fannar
D:14:     david_vaults_2, serial_shops, bzr_in_the_mist, kennysheep_nondescript
D:15:     hangedman_depths_entry_try_elsewhere_first,
          minmay_guarded_unrand_prune, uniq_josephine
Lair:1:   serial_bayou_shore_b
Lair:3:   minmay_swamp_entry_worms
Lair:4:   nicolae_spider_entry_orb_guardian, lab_entry_generic,
          cheibrodos_lair_reptile_den
Lair:5:   cheibrodos_lair_caveside_slide
Lair:6:   evil_forest, slime_altar_1, lemuel_fruit_fields, grunt_megastairs_3,
          uniq_snorg
Swamp:1:  evilmike_swamp_ruin_house_4, st_swamp_ruins_4
Swamp:2:  evilmike_swamp_ruin_house_2
Swamp:3:  evilmike_swamp_ruin_rubble_1
Swamp:4:  swamp_basic_johnstein
Spider:1: hive_lemuel
Spider:3: gammafunk_ghost_arena, nicolae_crawler_farm
Spider:4: grunt_spider_rune_circles
Orc:1:    serial_shops, nicolae_shop_crystal, shop, shop, nicolae_shop_trees,
          shop
Orc:2:    st_orc_pillars, serial_shops, shop
Vaults:1: ontoclasm_vaults_twist, dpeg_vaults_monster_box, v_misc_8,
          nicolae_vaults_little_squares_2, grunt_vaults_diagonal,
          st_smaller_cells, vaults_room_grunt_arrival_ludios,
          nicolae_vaults_shelves_hall, nicolae_vaults_windows_and_doors_thing,
          nicolae_vaults_gold_heap, nicolae_vaults_diagonal_hallway_6,
          serial_ice_b
Vaults:2: vaults_room_large_hall, nicolae_vaults_yaktaur_gun_rack,
          ontoclasm_vaults_decontamination, hangedman_vaults_restitches,
          ontoclasm_vaults_idyll, grunt_vaults_bifocal,
          vaults_dpeg_encased_lava, vaults_dpeg_spiral, uniq_mara, uniq_jory
Vaults:3: nicolae_vaults_three_branches, v_misc_17, hangedman_vaults_stream,
          ontoclasm_vaults_spin, hangedman_vaults_river_flow, vaults_dpeg_hooks,
          minmay_crypt_entry_necro_gods, ontoclasm_vaults_hangar,
          vaults_mumra_chevron, v_misc_13, hangedman_vaults_stretched_pinwheel,
          hangedman_vaults_trim, vaults_room_hallway, vaults_mumra_hex,
          uniq_margery
Vaults:4: ebering_vaults_ghost_disaster_area, ontoclasm_vaults_ring_square,
          nicolae_vaults_inception_corners, vaults_room_hallway,
          v_alt_pattern_6, v_misc_30, v_misc_10, ontoclasm_vaults_idyll,
          hangedman_vaults_slither, v_misc_13, nicolae_vaults_shelves_hall,
          nicolae_vaults_shelves_hall
Vaults:5: serial_shops
Depths:1: hellmouth_3, pan_entry, hangedman_abyss_or_decor_stagger, spider_trap,
          guppyfry_shop_earth, serial_bayou_shore_b
Depths:2: kennysheep_four_of_diamonds, lightli_too_deep, pan_entry,
          serial_bayou_pond_a, minmay_fountain_box, hangedman_decor_lopped
Depths:3: dpeg_oklob_shooting_range, enter_ziggurat_d, kennysheep_cross_room,
          pan_entry, serial_hangedman_research,
          hangedman_research_probablistics, hangedman_research_thanatology,
          hangedman_research_geology, hangedman_research_thermodynamics,
          hell_entry, uniq_frederick
Depths:4: kb_forest_paths, abyss_entry, pf_hell_entry_tar_spiral,
          minmay_misc_feat_roman
Depths:5: hangedman_spin_cycle, hell_entry, uniq_xtahua
Zot:3:    grunt_deathspiral_small, grunt_ministairs_10, st_stairs_14,
          lemuel_baited_zot_trap
Zot:4:    hangedman_orp_of_zott, nicolae_zot_crop_circle, grunt_megastairs_2
Zot:5:    gammafunk_ghost_split, grunt_ministairs_2
Lab:      lab_statue, nicolae_lab_garden, nicolae_lab_starburst,
          nicolae_lab_quarters
Bazaar:   bazaar_jpeg_honeycomb

Action                   |  1- 3 |  4- 6 |  7- 9 | 10-12 | 13-15 | 16-18 | 19-21 | 22-24 | 25-27 || total
-------------------------+-------+-------+-------+-------+-------+-------+-------+-------+-------++-------
Melee: Hand axe          |   104 |   166 |   294 |   715 |   765 |       |       |       |       ||  2044
       Headbutt          |     1 |    12 |       |       |       |       |       |       |       ||    13
       Spear             |       |       |     7 |       |       |       |       |       |       ||     7
       Trident           |       |       |       |    11 |   924 |   746 |       |   378 |       ||  2059
       Peck              |       |       |       |       |   364 |   483 |   256 |   448 |   488 ||  2039
       War axe           |       |       |       |       |       |   412 |       |       |       ||   412
       Rapier            |       |       |       |       |       |   237 |       |       |       ||   237
       Broad axe         |       |       |       |       |       |   641 |  1143 |  1408 |  1590 ||  4782
 Abil: Evoke Invisibilit |       |       |       |       |       |     1 |       |       |       ||     1
Evoke: Wand              |       |       |     7 |    10 |    18 |    25 |    14 |     4 |     3 ||    81
  Use: Potion            |     1 |     4 |     2 |       |     3 |    10 |    12 |     6 |     4 ||    42
       Scroll            |     2 |     2 |    10 |     6 |    13 |    31 |    11 |    23 |    12 ||   110
 Stab: Paralysed         |       |     2 |       |     3 |     5 |     3 |     1 |       |       ||    14
       Confused          |       |     2 |       |       |    12 |     5 |    13 |     6 |     8 ||    46
       Distracted        |       |       |       |       |     3 |     4 |     3 |     3 |     6 ||    19
       Sleeping          |       |       |       |       |     1 |    11 |     9 |     1 |       ||    22
       Invisible         |       |       |       |       |     7 |    34 |       |     1 |       ||    42
       Petrifying        |       |       |       |       |     1 |       |       |     1 |       ||     2
       Petrified         |       |       |       |       |       |       |       |     3 |     2 ||     5
  Eat: Ration            |     1 |       |     3 |     6 |     9 |    13 |     4 |    11 |    11 ||    58
       Chunk             |       |     3 |     5 |    10 |    10 |     4 |     6 |     4 |     3 ||    45
Armor: Leather armour    |    19 |       |       |       |       |       |       |       |       ||    19
       Chain mail        |    52 |   135 |   252 |    32 |       |       |       |       |       ||   471
       Scale mail        |       |       |       |   369 |   646 |  1229 |   402 |   209 |       ||  2855
       Gold dragon scale |       |       |       |       |       |       |       |   478 |   623 ||  1101
Dodge: Dodged            |    37 |    77 |   160 |   255 |   489 |  1013 |   235 |   253 |   278 ||  2797
Block: Buckler           |       |       |    40 |   101 |       |       |       |       |       ||   141
       Shield            |       |       |       |   119 |  1222 |  2195 |    60 |       |       ||  3596
       Reflection        |       |       |       |       |    49 |    21 |    91 |   124 |    30 ||   315
       Large shield      |       |       |       |       |       |       |  1174 |  1726 |  1904 ||  4804
